 Dungeon Crawl Stone Soup version 0.30.0-5-g1a98f26d00 (webtiles) character file.

Game seed: 10165172121052486919

1218 Acheron the Ruffian (level 8, -1/74 HPs)
             Began as a Troll Hunter on May 8, 2023.
             Slain by a vampire (11 damage)
             ... on level 9 of the Dungeon.
             The game lasted 00:22:20 (3680 turns).

Acheron the Ruffian (Troll Hunter)                  Turns: 3680, Time: 00:22:20

Health: -1/74      AC:  9    Str: 20    XL:     8   Next: 22%
Magic:  7/7        EV: 10    Int:  7    God:
Gold:   158        SH:  0    Dex: 13    Spells: 7/7 levels left

rFire   . .          .
                       - Unarmed
rCold   . . .        (no shield)
rNeg    . . .        x - +1 robe "Buitwoju" {rPois}
rPois   +            (helmet restricted)
rElec   .            (no cloak)
rCorr   .            (gloves unavailable)
SInv    .            (boots unavailable)
Will    .....        (no amulet)
Stlth   ++           t - +4 ring of protection
HPRegen 1.12/turn    (no ring)
MPRegen 0.10/turn

%: no passive effects
@: no status effects
A: large, unfitting armour, claws 3, regeneration 1, shaggy fur 1, tough skin 1
a: no special abilities


You were on level 9 of the Dungeon.
You visited 1 branch of the dungeon, and saw 9 of its levels.

You collected 213 gold pieces.
You spent 55 gold pieces at shops.

Inventory:

Hand Weapons
 a - a +0 shortbow
 c - a +0 war axe
 e - a +2 dagger of speed
 h - a +0 short sword of freezing
 o - a +3 hand axe of flaming
 v - a +1 flail of pain
 y - a +2 whip of electrocution
Missiles
 k - 2 poisoned darts (quivered)
 l - 4 javelins
 s - 2 large rocks
 u - 4 datura-tipped darts
 w - a boomerang
Armour
 x - the +1 robe "Buitwoju" (worn) {rPois}
   (You found it on level 6 of the Dungeon)

   rPois:     It protects you from poison.
Magical Staves
 j - a staff of earth
 A - a staff of death
Jewellery
 t - a +4 ring of protection (left claw)
Wands
 q - a wand of flame (21)
 B - a wand of light (9)
Scrolls
 b - a scroll of immolation
 d - 6 scrolls of identify
 f - a scroll of enchant armour
 p - 2 scrolls of enchant weapon
 z - 2 scrolls of fog
Potions
 g - a potion of heal wounds
 i - a potion of brilliance
 n - 2 potions of flight
 r - 2 potions of resistance
 D - a potion of invisibility


   Skills:
 * Level 2.9 Fighting
 + Level 1.0 Short Blades
 + Level 3.0 Ranged Weapons
 * Level 2.1 Throwing
 * Level 3.4 Dodging
 * Level 1.7 Stealth
 * Level 6.0 Unarmed Combat
 * Level 1.2 Earth Magic
 * Level 1.8 Evocations


You had 7 spell levels left.
You didn't know any spells.
Your spell library contained the following spells:

 Spells                   Type           Power      Damage    Failure   Level
 Poisonous Vapours        Pois/Air       0%         N/A       56%         2
 Call Canine Familiar     Summ           0%         N/A       80%         3
 Ozocubu's Armour         Ice            0%         N/A       80%         3
 Portal Projectile        Hex/Tloc       0%         N/A       80%         3
 Summon Guardian Golem    Hex/Summ       0%         N/A       80%         3
 Leda's Liquefaction      Hex/Erth       0%         N/A       98%         4
 Animate Dead             Necr           0%         N/A       99%         4
 Freezing Cloud           Conj/Ice/Air   0%         6-21      100%        5
 Haunt                    Necr/Summ      0%         N/A       100%        7
 Orb of Destruction       Conj           0%         9d5       100%        7
 Spellforged Servitor     Conj/Summ      0%         N/A       100%        7
 Infestation              Necr           0%         N/A       100%        8
 Maxwell's Capacitive Co  Air            0%         ∞         100%        8


Dungeon Overview and Level Annotations

Branches:
Dungeon (9/15)             Temple (0/1) D:7
   Lair: D:8-11         Orc: D:9-12

Altars:
Qazlal
The Shining One

Shops:
D:5 *   D:8 (


Innate Abilities, Weirdness & Mutations

You are too large for most types of armour.
You have claws for hands.
Your natural rate of healing is unusually fast.
You are covered in fur. (AC +1)
You have tough skin. (AC +1)


Message History

You claw something! Something hits you but does no damage. Something bites you!
Something draws strength from your injuries!
You scratch something but do no damage. Something hits you!
Something bites you but does no damage.
You scratch something but do no damage. Something hits you.
* * * LOW HITPOINT WARNING * * *
Something bites you.
* * * LOW HITPOINT WARNING * * *
Something draws strength from your injuries!
You feel much better. Something hits you!
Something bites you but does no damage.
You scratch something. Something hits you!
* * * LOW HITPOINT WARNING * * *
Something bites you.
* * * LOW HITPOINT WARNING * * *
Something draws strength from your injuries!
You barely miss something. Your claw misses something.
You completely miss something. Something hits you.
* * * LOW HITPOINT WARNING * * *
Something completely misses you.
You barely miss something. Something hits you!
* * * LOW HITPOINT WARNING * * *
Something bites you but does no damage.
You barely miss something. Something hits you but does no damage.
Something bites you.
* * * LOW HITPOINT WARNING * * *
Something draws strength from your injuries!
You feel much better. Something hits you but does no damage.
Something bites you but does no damage.
You miss something. Something hits you. Something bites you.
Something draws strength from your injuries!
You completely miss something. Something hits you.
Something bites you but does no damage.
You scratch something. Something hits you. Something bites you!
* * * LOW HITPOINT WARNING * * *
Something draws strength from your injuries!
You closely miss something. Something hits you.
* * * LOW HITPOINT WARNING * * *
Something bites you!
You die...

#################..
...................
.............#
.....^......<#
.............#
.............###########.
................@........
................{........
.........................
#######..########§######.
#..# #≈≈~§≈≈≈# #..#
#~~.§§§~#
#..#####~..§§§~###..
#######..##......§.§§(....
.........##.##~..§...##...


There were no monsters in sight!

Vanquished Creatures
  Edmund (D:5)
  2 sky beasts
  An ice beast (D:6)
  A centaur (D:5)
  2 phantoms (D:5)
  A bullfrog (D:8)
  A scorpion (D:5)
  A howler monkey (D:8)
  2 jellies
  2 hounds (D:6)
  An orc priest (D:5)
  Jessica (D:2)
  2 iguanas
  Ijyb (D:3)
  An orc wizard (D:3)
  4 gnolls (D:5)
  3 adders
  A white imp (D:5)
  An ufetubus (D:5)
  2 worms
  11 orcs
  7 endoplasms
  3 giant cockroaches
  11 goblins
  12 hobgoblins
  2 jackals (D:2)
  6 kobolds
  A quokka (D:5)
  3 training dummies (D:8)
  5 ball pythons
  3 bats
  A frilled lizard (D:2)
  6 rats
102 creatures vanquished.

Notes
Turn   | Place    | Note
-------+----------+-------------------------------------------
     0 | D:1      | Acheron the Troll Hunter began the quest for the Orb.
     0 | D:1      | Reached XP level 1. HP: 19/19 MP: 0/0
   243 | D:2      | Reached XP level 2. HP: 28/28 MP: 1/1
   274 | D:1      | You fall into a shaft and drop 1 floor!
   482 | D:2      | Noticed Jessica
   499 | D:2      | Killed Jessica
   500 | D:2      | Reached skill level 1 in Unarmed Combat
   500 | D:2      | Reached XP level 3. HP: 34/35 MP: 2/2
   874 | D:1      | Reached XP level 4. HP: 39/42 MP: 3/3
  1212 | D:2      | Got the Compendium of the Aerial Crevasse
  1482 | D:3      | Reached skill level 1 in Short Blades
  1586 | D:4      | Noticed a black bear
  1666 | D:5      | Entered Level 5 of the Dungeon
  1698 | D:5      | Reached skill level 2 in Unarmed Combat
  1698 | D:5      | Reached XP level 5. HP: 10/49 MP: 4/4
  1720 | D:5      | Reached skill level 1 in Stealth
  1739 | D:5      | Noticed a phantom
  1750 | D:5      | Killed a phantom
  1751 | D:5      | Reached skill level 3 in Unarmed Combat
  1753 | D:5      | Reached XP level 6. HP: 36/57 MP: 5/5
  1868 | D:5      | Noticed Edmund
  1884 | D:5      | Killed Edmund
  1885 | D:5      | Reached skill level 1 in Throwing
  1885 | D:5      | Reached skill level 1 in Evocations
  1963 | D:6      | Noticed an ice beast
  1978 | D:6      | Killed an ice beast
  1979 | D:6      | Reached skill level 4 in Unarmed Combat
  2029 | D:6      | Reached XP level 7. HP: 66/66 MP: 6/6
  2040 | D:6      | Identified the +1 robe "Buitwoju" {rPois}
  2386 | D:3      | Noticed Ijyb
  2455 | D:3      | Found a stormy altar of Qazlal.
  2539 | D:3      | Killed Ijyb
  2994 | D:5      | Reached skill level 5 in Unarmed Combat
  3051 | D:5      | Found a glowing golden altar of the Shining One.
  3055 | D:5      | Found Jalori's General Store.
  3067 | D:5      | Bought a potion of degeneration for 10 gold pieces
  3338 | D:6      | Reached XP level 8. HP: 74/74 MP: 7/7
  3432 | D:8      | Found Japtott's Firing Range.
  3440 | D:8      | Reached skill level 1 in Earth Magic
  3451 | D:8      | Bought 2 large rocks for 45 gold pieces
  3531 | D:8      | Reached skill level 6 in Unarmed Combat
  3680 | D:9      | Slain by a vampire

Illustrated notes

Levels and vault maps discovered:
D:1:      dpeg_arrival_concentric_ovals, layout_basic, minmay_liquid_box,
          corexii_hall_statues_x
D:2:      layout_basic, minmay_tetromino_i4, uniq_jessica
D:3:      layout_basic, mainiacjoe_overflow_six_doors_small, uniq_ijyb
D:4:      layout_loops_cross
D:5:      layout_gridville, tso_metal_star, serial_shops, shop, uniq_edmund
D:6:      layout_loops_ring
D:7:      layout_layer_cave, makhleb_blood_cavern_becter,
          minmay_temple_entry_mini_moons, serial_shops,
          nicolae_shop_advertising_works [nicolae_subvault_shop_adworks]
D:8:      layout_gridville, nicolae_shop_firing_range
D:9:      layout_long_grid, overflow_temple_1_default, serial_ice, serial_ice_f,
          serial_ice_d, serial_ice_m, serial_ice_i

Skill      XL: |  1  2  3  4  5  6  7  8 |
---------------+-------------------------+-----
Ranged Weapons | 3 |  3.0
Unarmed Combat | 1 2 3 4 5 6 |  6.0
Fighting       | 2 |  2.9
Dodging        | 2 3 |  3.4
Short Blades   | 1 |  1.0
Stealth        | 1 |  1.7
Throwing       | 1 2 |  2.1
Evocations     | 1 |  1.8
Earth Magic    | 1 |  1.2

Action                     |  1- 3 |  4- 6 |  7- 9 || total
---------------------------+-------+-------+-------++-------
  Melee: Dagger            |    49 |       |       ||    49
         Short sword       |    31 |       |       ||    31
         Punch             |     3 |     3 |       ||     6
         Unarmed           |    26 |   123 |   149 ||   298
   Fire: Shortbow          |    21 |       |       ||    21
  Throw: Javelin           |       |     3 |     4 ||     7
         Throwing net      |       |       |     1 ||     1
    Use: Potion            |     1 |       |     4 ||     5
         Scroll            |     3 |     1 |     8 ||    12
   Stab: Sleeping          |       |     3 |     4 ||     7
 Armour: Robe              |    32 |    32 |    81 ||   145
  Dodge: Dodged            |    63 |    51 |    44 ||   158
